 Dungeon Crawl Stone Soup version 0.31-a0-321-g19405a7a6a (webtiles) character file.

Game seed: 13190549566834795287

1005 Sabo the Chopper (level 8, -1/62 HPs)
             Began as a Formicid Monk on July 17, 2023.
             Was a Priest of Makhleb.
             Slain by a sleepcap (6 damage)
             ... on level 5 of the Dungeon on July 18, 2023.
             The game lasted 00:28:41 (5777 turns).

Sabo the Chopper (Formicid Monk)                    Turns: 5777, Time: 00:28:42

Health: -1/62      AC:  8    Str: 18    XL:     8   Next: 44%
Magic:  8/8        EV: 12    Int: 10    God:    Makhleb [***...]
Gold:   266        SH:  0    Dex: 16    Spells: 7/7 levels left

rFire   + . .        a - +0 hand axe
rCold   . . .        d - orb {light}
rNeg    . . .        m - +1 ring mail {rF+}
rPois   .            (helmet unavailable)
rElec   .            r - scarf {repulsion}
rCorr   +            (no gloves)
SInv    +            p - +0 pair of boots
Will    .....        (no amulet)
Stlth   +            e - ring of resist corrosion
HPRegen 0.30/turn    (no ring)
MPRegen 0.11/turn

%: repel missiles
@: glowing
A: permanent stasis, dig shafts and tunnels, antennae 3, four strong arms
a: Dig, Shaft Self, Renounce Religion, Minor Destruction, Lesser Servant of
Makhleb


You were on level 5 of the Dungeon.
You worshipped Makhleb.
Makhleb was most pleased with you.
You visited 1 branch of the dungeon, and saw 5 of its levels.

You collected 266 gold pieces.

Inventory:

Hand Weapons
 a - a +0 hand axe (weapon)
 g - a +2 flail of holy wrath
 h - a +0 sling
Missiles
 c - 18 poisoned darts (quivered)
 t - 2 curare-tipped darts
Armour
 d - an orb of light (worn)
 m - a +1 ring mail of fire resistance (worn)
 p - a +0 pair of boots (worn)
 q - the +3 leather armour "Ziorulla" {rN+ Str+3}
   (You found it on level 4 of the Dungeon)

   Str:       It affects your strength (+3).
   rN:        It protects you from negative energy.
 r - a scarf of repulsion (worn)
Jewellery
 e - a ring of resist corrosion (left hand)
 s - an amulet of faith
Talismans
 i - a maw talisman
Scrolls
 l - 4 scrolls of poison
 n - a scroll of fear
Potions
 f - a potion of haste {unknown}
 j - a potion of attraction {unknown}
 k - a potion of degeneration {unknown}
 o - a potion of experience {unknown}


   Skills:
 + Level 5.2 Fighting
 + Level 7.2 Axes
 + Level 0.2 Throwing
 + Level 4.2 Armour
 + Level 3.8 Dodging
 + Level 1.4 Stealth


You had 7 spell levels left.
You didn't know any spells.
Your spell library contained the following spells:

 Spells                   Type           Power      Damage    Failure   Level
 Cigotuvi's Dreadful Rot  Necr/Pois/Air  0%         N/A       67%         2
 Ignite Poison            Fire/Tmut/Pois 0%         N/A       88%         3
 Freezing Cloud           Conj/Ice/Air   0%         6-21      100%        5


Dungeon Overview and Level Annotations

Branches:
Dungeon (5/15)             Temple (0/1) D:4

Altars:
Fedhas
Makhleb
Trog
Wu Jian
The Shining One


Innate Abilities, Weirdness & Mutations

You cannot be hasted, slowed, berserked, paralysed or teleported.
You can dig through walls and to a lower floor.
You have a pair of large antennae on your head. (SInv)
Your four strong arms can wield two-handed weapons with a shield.


Message History

You hit the shadow imp. You hit the ice beast but do no damage.
The orc wizard hits you but does no damage.
The orc priest hits you but does no damage.
The orc priest closely misses you.
The ice beast hits you but does no damage.
The shadow imp misses you.
You slash the orc priest!
You kill the orc priest!
Makhleb accepts your kill.
You feel better.
You closely miss the shadow imp. You hit the ice beast. You hit the orc wizard.
The ice beast hits you but does no damage.
The orc priest closely misses you.
The shadow imp hits you but does no damage.
You hit the orc wizard.
You kill the orc wizard!
Makhleb accepts your kill.
You feel better.
You hit the shadow imp.
You kill the shadow imp!
Makhleb accepts your kill.
You feel better.
You hit the orc. You hit the ice beast but do no damage.
The orc priest hits you but does no damage.
The ice beast barely misses you. The orc hits you with a +0 hand axe.
You hit the ice beast but do no damage.
The ice beast is heavily wounded.
You slash the sleepcap! You barely miss the orc. The orc misses you.
The orc priest hits you from afar with a +0 trident.
The ice beast hits you but does no damage.
The sleepcap misses you.
You barely miss the ice beast.
The ice beast is heavily wounded.
You hit the sleepcap. You hit the orc.
You kill the orc!
Makhleb accepts your kill.
You feel better.
The orc priest hits you but does no damage.
The ice beast hits you. The ice beast freezes you!
* * * LOW HITPOINT WARNING * * *
The sleepcap releases spores at you.
You die...

...... .....######
#.......#.##+###
+.......#...(..#.
#.......#.......#
#..o....#.......
#...f)Y.#....#
..#####@###....##
................#
................#
......<.........#
................#
############.####.##.##
#.......#.##.####.##.##..
#.......'................
#.......#................


You could see an ice beast, a sleepcap and an orc priest.

Vanquished Creatures
  Edmund (D:4)
  An ogre (D:4)
  6 kobold brigands (D:3)
  An orc priest (D:5)
  2 iguanas (D:4)
  Jessica (D:2)
  An orc wizard (D:5)
  11 gnolls
  4 adders
  A shadow imp (D:5)
  3 dart slugs
  3 orcs
  5 endoplasms
  2 giant cockroaches (D:4)
  5 goblins
  7 hobgoblins
  3 jackals (D:1)
  2 quokkas
  8 ball pythons
  4 bats
  3 frilled lizards
  44 kobolds
  3 rats
121 creatures vanquished.

Notes
Turn   | Place    | Note
-------+----------+-------------------------------------------
     0 | D:1      | Sabo the Formicid Monk began the quest for the Orb.
     0 | D:1      | Reached XP level 1. HP: 18/18 MP: 1/1
    95 | D:1      | Reached XP level 2. HP: 24/24 MP: 2/2
   567 | D:1      | Reached XP level 3. HP: 27/29 MP: 3/3
   905 | D:2      | Noticed Jessica
   915 | D:2      | Killed Jessica
   916 | D:2      | Reached XP level 4. HP: 37/37 MP: 4/4
  1312 | D:2      | Reached skill level 4 in Axes
  2248 | D:3      | Found a blossoming altar of Fedhas.
  2390 | D:3      | Found a bloodstained altar of Trog.
  2392 | D:3      | Found a glowing golden altar of the Shining One.
  2675 | D:3      | Found a burning altar of Makhleb.
  2680 | D:3      | Became a worshipper of Makhleb the Destroyer
  2680 | D:3      | Reached * piety under Makhleb
  2680 | D:3      | Reached ** piety under Makhleb
  2752 | D:3      | Reached XP level 5. HP: 40/42 MP: 5/5
  2813 | D:3      | Reached skill level 1 in Armour
  3053 | D:3      | Noticed a kobold brigand
  3053 | D:3      | Noticed a kobold brigand
  3054 | D:3      | Noticed a kobold brigand
  3070 | D:3      | Killed a kobold brigand
  3071 | D:3      | Reached XP level 6. HP: 15/48 MP: 6/6
  3080 | D:3      | Reached skill level 5 in Axes
  3300 | D:3      | Reached XP level 7. HP: 55/55 MP: 7/7
  3456 | D:3      | Reached *** piety under Makhleb
  3487 | D:3      | Reached skill level 6 in Axes
  4296 | D:4      | Noticed Edmund
  4317 | D:4      | HP: 2/55 [Edmund/+2 flail of holy wrath (13)]
  4318 | D:4      | Killed Edmund
  4319 | D:4      | Reached skill level 5 in Fighting
  4319 | D:4      | Reached XP level 8. HP: 5/62 MP: 8/8
  4855 | D:4      | Found a staircase to the Ecumenical Temple.
  5229 | D:4      | Reached skill level 1 in Stealth
  5292 | D:4      | Identified the +3 leather armour "Ziorulla" {rN+ Str+3}
  5379 | D:4      | Found an ornate altar of the Wu Jian Council.
  5497 | D:4      | Reached skill level 7 in Axes
  5715 | D:4      | Upgraded the game from 0.31-a0-303-gdc8c9485ea to
                  | 0.31-a0-321-g19405a7a6a
  5718 | D:5      | Entered Level 5 of the Dungeon
  5777 | D:5      | Slain by a sleepcap

Illustrated notes

Levels and vault maps discovered:
D:1:      dpeg_arrival_round_b, layout_rooms, roderic_lattice_a,
          serial_park_tiny_1
D:2:      minmay_alternating_diamond, layout_loops_corners, serial_glass,
          glass_columns_a, glass_columns_c, glass_columns_a, glass_columns_a,
          glass_columns_a, glass_columns_a, glass_columns_a, glass_columns_a,
          uniq_jessica
D:3:      minmay_goblin_kobold_castle, layout_loops_ring,
          nicolae_overflow_hidden_temple, lightli_temple_of_fire,
          kennysheep_nondescript
D:4:      layout_basic, mainiacjoe_overflow_brackets, minmay_temple_entry_trees,
          serial_rivers, chequers_serial_rivers_micro_b,
          chequers_serial_rivers_micro_d, chequers_serial_rivers_marsh,
          chequers_serial_rivers_room_b, chequers_serial_rivers_micro_d,
          uniq_edmund
D:5:      kennysheep_six_static_rooms, layout_gridville, kennysheep_mini_moat,
          lightli_sewer_entry_pipes, hex_tiny

Skill      XL: |  1  2  3  4  5  6  7  8 |
---------------+-------------------------+-----
Dodging        | 3 |  3.8
Axes           | 4 5 6 7 |  7.2
Armour         | 1 2 3 4 |  4.2
Fighting       | 4 5 |  5.2
Stealth        | 1 |  1.4
Throwing       | |  0.2

Action                     |  1- 3 |  4- 6 |  7- 9 || total
---------------------------+-------+-------+-------++-------
  Melee: Hand axe          |    53 |   152 |   198 ||   403
  Throw: Dart              |       |       |     4 ||     4
    Use: Scroll            |     1 |     6 |     3 ||    10
         Potion            |       |     1 |     2 ||     3
 Armour: Robe              |     5 |       |       ||     5
         Leather armour    |     3 |     7 |       ||    10
         Scale mail        |       |    57 |     5 ||    62
         Ring mail         |       |       |    76 ||    76
  Dodge: Dodged            |    49 |   119 |   130 ||   298
         Repelled          |       |     1 |       ||     1

Table legend: (Time is in decaauts)
 A = Elapsed time spent in this place.
 B = Non-inter-level travel time spent in this place.
 C = Inter-level travel time spent in this place.
 D = Time resting spent in this place.
 E = Time spent auto-exploring this place.
 F = Levels seen in this place.
 G = Mean time per level.
                   A        B        C        D        E       F      G
               +--------+--------+--------+--------+--------+-----+--------+
         Total |   5797 |   5797 |      0 |   1162 |      0 |   5 | 1159.4 |
       Dungeon |   5797 |   5797 |      0 |   1162 |      0 |   5 | 1159.4 |
               +--------+--------+--------+--------+--------+-----+--------+

Top non-repeatable levels by time:
     D:3: 2005 daAuts
     D:4: 1550 daAuts
     D:2: 1272 daAuts
     D:1: 911 daAuts
     D:5: 58 daAuts
